AoeStats
← Doobert

Arabia

509706179Analyzed
1v1 RM · 4d ago on Sep 27, 2026· 73m 21s· 2 players
Game mode
Random Map
Map size
Tiny (2 player)
Population
200
Speed
Normal
Resources
Standard
Victory
Conquest
Starting age
Dark Age
Ending age
Imperial Age
RankedLock teamsTeams togetherTeam positionsShared explorationLock speedFull tech treeHidden civsTurbo modeCheats
Victory
Defeat
🇺🇸 Britons · United States
347
+6
🇪🇸 Burgundians · Spain
87
-6
Cana
0:54 Loom
13:28 Feudal Age
14:11 Man-at-Arms
14:52 Double-Bit Axe
15:47 Horse Collar
18:00 Town Watch
24:56 Castle Age
25:14 Gold Mining
27:52 Devotion
29:03 Crossbowman
32:02 Town Patrol
32:38 Wheelbarrow
33:08 Bow Saw
33:36 Long Swordsman
35:19 Forging
35:00 Fletching
35:11 Scale Mail Armor
36:41 Hand Cart
37:33 Treadmill Crane
38:14 Ballistics
38:09 Heavy Plow
41:54 Imperial Age
43:37 Chemistry
42:23 Arrowslits
42:37 Fishing Lines
43:56 Conscription
43:53 Gillnets
47:14 Burgundian Vineyards
60:00 Fortified Wall
64:25 Light Cavalry
67:13 Stone Mining
67:58 Gold Shaft Mining
72:14 Guilds
Doobert
13:55 Feudal Age
15:36 Wheelbarrow
16:18 Horse Collar
16:32 Stone Mining
18:13 Loom
20:58 Double-Bit Axe
24:59 Padded Archer Armor
24:53 Fletching
26:04 Gold Mining
34:20 Castle Age
35:40 Hand Cart
36:49 Bodkin Arrow
37:10 Leather Archer Armor
36:18 Crossbowman
42:28 Gold Shaft Mining
41:56 Heavy Plow
42:08 Bow Saw
46:12 Yeomen
52:56 Imperial Age
54:39 Capped Ram
54:57 Arbalester
55:02 Cranequins
55:06 Heavy Mounted Crossbowman
55:40 Elite Longbowman
64:16 Masonry
64:02 Arrowslits
64:08 Guard Tower
64:31 Fortified Wall
64:34 Siege Engineers
64:44 Clinker Construction
Connection lost

Rejoining the realm…

Still unreachable

The connection could not be restored.

Session expired

The server has moved on; the page needs a fresh start.